Map: Ulrena

Players

Stickemup - Winner!

  • Race: Protoss Protoss
  • League: Bronze

Nano

  • Race: Terran Terran
  • League: Bronze

VOD

Have the link to the VOD?

Description

Time

  • Played on: Jan. 20, 2016, 8:26 a.m.
  • Length: 6:24
Show
View Real Time Build Order
Export as new Build Order

Stickemup Protoss - Winner!

Build Orders:  

Get SALT Encoding   

  12  0:02  Probe (Chrono Boost)  
  13  0:14  Pylon  
  13  0:19  Probe (Chrono Boost)  
  14  0:29  Probe (Chrono Boost)  
  15  0:38  Gateway  
  15  0:41  Probe (Chrono Boost)  
  16  0:56  Probe (Chrono Boost)  
  17  1:04  Pylon  
  17  1:08  Probe (Chrono Boost), Assimilator  
  18  1:12  Assimilator  
  18  1:19  Probe (Chrono Boost)  
  18  1:25  Zealot (Chrono Boost)  
  21  1:33  Cybernetics Core  
  21  2:05  Probe, Pylon  
  22  2:12  Robotics Facility  
  22  2:13  Warp Gate (Chrono Boost)  
  22  2:21  Gateway  
  22  2:31  Probe  
  22  2:33  Stalker (Chrono Boost)  
  25  2:45  Pylon  
  25  2:48  Probe  
  26  3:00  Probe  
  27  3:07  Observer  
  27  3:09  Stalker  
  27  3:12  Probe  
  31  3:16  Stalker  
  33  3:24  Probe  
  34  3:36  Probe  
  35  3:48  Immortal, Probe  
  38  4:10  Stalker  
  38  4:11  Stalker  
  38  4:12  Pylon  
  42  4:30  Immortal  
  46  4:46  Zealot x2  
  50  5:31  Stalker x2  
Show
View Real Time Build Order
Export as new Build Order

Nano Terran 

Build Orders:  

Get SALT Encoding   

  12  0:13  SCV, Supply Depot  
  13  0:25  SCV  
  14  0:38  SCV, Barracks  
  15  0:51  SCV  
  16  1:05  SCV  
  17  1:15  Refinery  
  17  1:18  SCV  
  18  1:28  Supply Depot  
  18  1:32  Marine  
  19  1:36  SCV  
  20  1:48  SCV  
  20  1:50  Marine  
  22  2:23  Refinery  
  22  2:24  Engineering Bay, Marine  
  22  2:37  SCV  
  22  2:38  Factory  
  22  2:42  Marine  
  24  2:45  Barracks  
  24  2:49  SCV  
  25  3:04  Supply Depot  
  23  3:06  SCV  
  24  3:15  Marine  
  25  3:20  Terran Infantry Armor Level 1  
  25  3:23  Factory Tech Lab  
  25  3:28  Starport  
  25  3:42  Barracks Reactor  
  25  3:54  Command Center  
  25  3:55  Marine  
  26  4:10  Supply Depot  
  26  4:14  Marine  
  27  4:20  Siege Tank  
  29  4:25  Starport Reactor  
  29  4:28  SCV  
  29  4:41  Supply Depot, Barracks Tech Lab  
  29  4:47  Orbital Command  
  28  4:57  Marine x2  
  29  5:06  Marauder  
  31  5:16  Marine x2  
  33  5:26  Siege Tank  
  31  5:35  Marine x2  
  31  5:36  Marauder  
  31  5:50  Medivac  
  33  6:05  Supply Depot  
Tags
 
Add a new tag
Caveats
  • Supply blocks, unpowered buildings, or Contaminate may cause inaccurate times.
  • Supply counts are checked every 10 seconds.